 Dungeon Crawl Stone Soup version 0.28-b1-38-gff268fdeb9 (webtiles) character file.

Game seed: 11054948280143154600

197 Impy the Firebug (level 5, -2/35 HPs)
             Began as a Demonspawn Fire Elementalist on Feb 3, 2022.
             Succumbed to a scorpion's poison
             ... on level 4 of the Dungeon.
             The game lasted 00:10:01 (3617 turns).

Impy the Firebug (Demonspawn Fire Elementalist)     Turns: 3617, Time: 00:10:02

Health: -2/35      AC:  8    Str:  8      XL:     5   Next: 46%
Magic:  1/17       EV: 12    Int: 19      God:
Gold:   138        SH:  0    Dex: 11 (13) Spells: 5/9 levels left

rFire   . . .      SeeInvis .   b - +0 dagger
rCold   . . .      Faith    .   (no shield)
rNeg    . . .      Spirit   .   a - +0 robe
rPois   .          Reflect  .   i - +0 helmet
rElec   .          Harm     .   c - +1 cloak
rCorr   .          Rampage  .   (no gloves)
Will    .....                   g - +0 pair of boots
Stlth   ++........              (no amulet)
HPRegen 1.11/turn               d - ring of magical power
MPRegen 0.30/turn               (no ring)

@: lethally poisoned (-2 -> -18)
A: slimy green scales 1, powered by death 1, magic regeneration
a: no special abilities


You were on level 4 of the Dungeon.
You visited 1 branch of the dungeon, and saw 4 of its levels.

You collected 138 gold pieces.

Inventory:

Hand Weapons
 b - a +0 dagger (weapon)
Armour
 a - a +0 robe (worn)
 c - a +1 cloak (worn)
 f - a +0 buckler
 g - a +0 pair of boots (worn)
 i - a +0 helmet (worn)
Jewellery
 d - a ring of magical power (left hand)
Wands
 h - a wand of digging (6)
Scrolls
 e - 4 scrolls of identify


   Skills:
 - Level 1.7 Dodging
 - Level 1.7 Stealth
 * Level 3.0 Shields
 - Level 2.5 Spellcasting
 - Level 1.5 Conjurations
 + Level 4.1 Fire Magic


You had 5 spell levels left.
You knew the following spells:

 Your Spells              Type           Power      Damage    Failure   Level
a - Foxfire               Conj/Fire      52%        2x1d6     4%          1
b - Sting                 Tmut/Pois      8%         1d3       16%         1
c - Scorch                Fire           36%        2d7       4%          2

Your spell library contained the following spells:

 Spells                   Type           Power      Damage    Failure   Level
 Conjure Flame            Conj/Fire      13%        6-21      16%         3
 Inner Flame              Hex/Fire       10%        N/A       21%         3
 Poisonous Vapours        Pois/Air       4%         N/A       24%         2
 Flame Wave               Conj/Fire      13%        2d6       45%         4
 Olgreb's Toxic Radiance  Pois           2%         N/A       85%         4


Dungeon Overview and Level Annotations

Branches:
Dungeon (4/15)
 Temple: D:4-7

Altars:
Ashenzari
Fedhas
Trog
Wu Jian

Shops:
D:4 [


Innate Abilities, Weirdness & Mutations

You are partially covered in slimy green scales. (AC +2)
You regenerate a little health from kills.
You regenerate magic rapidly.


Message History

The scorpion poisons you! The scorpion misses you.
Casting: Scorch (safe; 4% risk of failure)
Confirm with . or Enter, or press ? or * to list all spells.
Flames lash the scorpion.
The scorpion is burned terribly!
The scorpion is severely wounded.
You feel sick.
The scorpion stings you but does no damage.
Casting: Scorch (safe; 4% risk of failure)
Confirm with . or Enter, or press ? or * to list all spells.
You conjure some foxfire!
You feel sick. The scorpion stings you.
You are more poisoned.
The scorpion poisons you!
You feel very sick.
The foxfire hits the dart slug!
The dart slug is burned terribly!
You kill the dart slug!
The foxfire hits the scorpion but does no damage.
The scorpion is severely wounded.
You see here an amulet of faith.
Casting: Foxfire (safe; 4% risk of failure)
Confirm with . or Enter, or press ? or * to list all spells.
You conjure some foxfire!
You feel very sick. The scorpion stings you.
You are more poisoned.
The scorpion poisons you!
You feel very sick.
The foxfire hits the scorpion.
The scorpion is severely wounded.
The foxfire hits the scorpion.
The scorpion is burned terribly!
The scorpion is almost dead.
The scorpion stings you!
* * * LOW HITPOINT WARNING * * *
You are more poisoned.
The scorpion poisons you!
You aren't carrying any potions.
Okay, then.
Okay, then.
As you read the scroll of summoning, it crumbles to dust.
Wisps of shadow whirl around you...
You die...

#..(........#
#...........#
#...........#
#...........#
#.........[.#
#.......†...#
#§..........#
#JsJ........#
#@J§........#
######..###.#
##.# .# #.#
#.# #.###.#
#..##.# ####
##.##.# #...
#######..#.#
#.##
#......#.#.#
#.#


You could see a scorpion (combustible, ally target) and 3 friendly endoplasms.

Vanquished Creatures
  A scorpion (D:4)
  Jessica (D:3)
  2 adders
  A white imp (D:3)
  2 adder skeletons (D:4)
  A worm (D:2)
  4 dart slugs
  4 orcs (D:3)
  4 endoplasms
  3 giant cockroaches (D:1)
  3 goblins
  6 hobgoblins
  3 jackals (D:1)
  4 quokkas
  7 ball pythons
  A bat (D:1)
  11 frilled lizards
  5 kobolds
  3 rats
66 creatures vanquished.

Vanquished Creatures (others)
  27 foxfires
  4 fungi (D:2)
  8 plants (D:2)
39 creatures vanquished.

Grand Total: 105 creatures vanquished

Notes
Turn   | Place    | Note
-------+----------+-------------------------------------------
     0 | D:1      | Impy the Demonspawn Fire Elementalist began the quest for
                  | the Orb.
     0 | D:1      | Reached XP level 1. HP: 13/13 MP: 3/3
   467 | D:1      | Reached skill level 3 in Fire Magic
   467 | D:1      | Gained mutation: You regenerate magic rapidly. [demonic
                  | ancestry]
   467 | D:1      | Reached XP level 2. HP: 17/19 MP: 5/5
   794 | D:1      | Learned a level 1 spell: Sting
   797 | D:1      | Learned a level 2 spell: Scorch
  1190 | D:1      | Reached XP level 3. HP: 19/24 MP: 1/6
  1717 | D:2      | Found a broken altar of Ashenzari.
  2373 | D:2      | Found a faded altar of an unknown god.
  2615 | D:3      | Reached skill level 1 in Shields
  2731 | D:3      | Noticed Jessica
  2737 | D:3      | Killed Jessica
  2738 | D:3      | Gained mutation: You regenerate a little health from kills.
                  | [demonic ancestry]
  2738 | D:3      | Reached XP level 4. HP: 30/30 MP: 7/7
  3108 | D:3      | Found an ornate altar of the Wu Jian Council.
  3176 | D:3      | Found a blossoming altar of Fedhas.
  3176 | D:3      | Found a bloodstained altar of Trog.
  3284 | D:4      | Found Fyoc's Armour Shop.
  3591 | D:4      | Noticed a scorpion
  3594 | D:4      | Killed a scorpion
  3595 | D:4      | Reached skill level 4 in Fire Magic
  3595 | D:4      | Gained mutation: You are partially covered in slimy green
                  | scales. (AC +2) [demonic ancestry]
  3595 | D:4      | Reached XP level 5. HP: 35/35 MP: 8/8
  3617 | D:4      | Succumbed to a scorpion's poison

Illustrated notes

Levels and vault maps discovered:
D:1:      sevenhm_arrival_forest_fort_large_2, layout_basic,
          minmay_crystal_room, nicolae_concentric_dashed_squares_wild,
          minmay_lizard_pond
D:2:      layout_basic, basic_altar, shapermc_ecumenical_altar_mp_urbaneastern
D:3:      layout_rooms, gammafunk_temple_overflow_wave,
          mainiacjoe_overflow_brackets, uniq_jessica
D:4:      layout_basic, serial_shops, shop, kennysheep_generic_room_15

Skill      XL: |  1  2  3  4  5 |
---------------+----------------+-----
Fire Magic     | 3 4 |  4.1
Shields        | 1 2 3 |  3.0
Dodging        | |  1.7
Stealth        | |  1.7
Spellcasting   | |  2.5
Conjurations   | |  1.5

Action                   |  1- 3 |  4- 6 || total
-------------------------+-------+-------++-------
Melee: Dagger            |    67 |     1 ||    68
 Cast: Foxfire           |    14 |     2 ||    16
       Scorch            |    36 |    28 ||    64
       Sting             |     1 |       ||     1
  Use: Scroll            |     5 |     6 ||    11
       Potion            |     3 |     3 ||     6
 Stab: Sleeping          |     4 |     1 ||     5
Armor: Robe              |    25 |     3 ||    28
Dodge: Dodged            |    70 |     4 ||    74
